Map: Экспресс забвения

Players

Primal

  • Race: Zerg Zerg
  • Spawn Location: 12:00

ServiDei

  • Race: Protoss Protoss
  • Spawn Location: 0:00

VOD

Have the link to the VOD?

Description

Co-op, mutation, #166, brutal, bonus, artanis, zagara

Time

  • Played on: July 8, 2019, 9:06 a.m.
  • Length: 25:31
Show
View Real Time Build Order
Export as new Build Order

Primal Zerg 

Build Orders:  

Get SALT Encoding   

  6  0:10  Drone x2  
  6  0:19  Drone x2  
  8  0:28  Drone x2  
  9  0:35  Drone x2  
  10  0:45  Drone x2  
  11  0:52  Drone x2  
  12  1:01  Drone x2  
  13  1:20  Spawning Pool  
  13  1:24  Extractor  
  12  1:30  Drone x2, Extractor  
  12  1:39  Overlord  
  12  1:46  Drone x2  
  13  2:05  Swarmling x6  
  13  2:06  Swarmling x6  
  13  2:09  Swarmling x3  
  21  2:18  Overlord  
  21  2:34  Lair  
  21  2:36  Drone x2  
  22  2:51  Drone x2  
  23  3:01  Metabolic Boost  
  23  3:26  Hatchery  
  22  3:33  Extractor  
  22  3:46  Evolution Chamber  
  22  3:49  Evolution Chamber  
  21  3:50  Baneling Nest  
  21  3:52  Drone x2, Scourge Nest  
  21  4:00  Drone x2  
  21  4:05  Drone x2  
  23  4:23  Hive  
  23  4:29  Drone x2  
  24  4:53  Drone x6  
  24  4:59  Extractor  
  28  5:04  Medusa Blades  
  30  5:20  Drone x2  
  30  5:25  Drone x2  
  34  5:31  Unknown  
  34  5:41  Swarmling x3  
  34  5:44  Overlord x2  
  31  6:13  Centrifical Hooks  
  32  6:38  Drone x2  
  32  6:39  Drone x4  
  41  6:44  Heroic Fortitude  
  41  6:45  Protective Cover  
  39  6:52  Unknown x2  
  39  6:53  Unknown  
  38  7:05  Shredding Claws  
  38  7:09  Drone x2  
  38  7:11  Drone x2  
  38  7:14  Queen  
  45  7:39  Aberration  
  47  7:40  Unknown  
  47  7:42  Overlord  
  47  7:43  Overlord, Unknown  
  46  7:50  Aberration  
  51  8:15  Queen  
  53  8:30  Aberration x2  
  53  8:31  Aberration  
  53  8:35  Overlord  
  62  8:40  Overlord  
  62  8:51  Swarmling x12  
  64  9:13  Swarmling x3  
  64  9:14  Swarmling x27  
  64  9:18  Adrenal Overload  
  78  9:50  Corrosive Acid  
  78  9:51  Zerg Ground Armor Level 1  
  80  10:04  Hatchery  
  62  10:10  Overseer x2  
  80  10:18  Hardened Carapace  
  82  10:38  Unknown  
  81  10:56  Zerg Flyer Weapons Level 1  
  83  11:03  Hatchery  
  83  11:04  Drone x2  
  83  11:05  Spine Crawler, Drone x2  
  83  11:09  Spine Crawler, Drone x2  
  84  11:11  Drone x2  
  84  11:12  Drone x2  
  84  11:18  Unknown  
  86  11:20  Rupture  
  86  11:29  Overlord  
  88  11:30  Overlord  
  82  12:02  Aberration x2  
  82  12:03  Aberration x2  
  82  12:04  Swarmling x6  
  82  12:05  Swarmling x6  
  95  12:50  Spine Crawler  
  95  12:55  Spine Crawler  
  95  12:57  Unknown  
  95  12:58  Spine Crawler  
  93  13:02  Spine Crawler  
  93  13:07  Spine Crawler  
  93  13:08  Spine Crawler  
  91  13:11  Spine Crawler  
  91  13:14  Spine Crawler  
  90  13:33  Swarmling x6  
  90  13:34  Swarmling x12  
  90  13:54  Swarmling x21  
  96  14:02  Unknown  
  96  14:04  Zerg Ground Armor Level 2  
  96  14:06  Zerg Flyer Weapons Level 2  
  89  14:38  Roach x12  
  89  14:39  Roach x8  
  78  15:26  Swarmling x18  
  78  15:27  Swarmling x6  
  91  16:04  Swarmling x3  
  91  16:05  Swarmling x15  
  89  16:51  Aberration x2  
  89  16:52  Aberration  
  90  17:27  Swarmling x3  
  90  17:28  Swarmling x12  
  96  17:43  Unknown  
  96  17:44  Zerg Ground Armor Level 3  
  96  17:46  Zerg Flyer Weapons Level 3  
  96  17:56  Drone x2  
  99  18:08  Aberration x4  
  94  18:31  Swarmling x3  
  94  18:32  Swarmling x6  
  98  18:52  Drone x2  
  100  19:28  Spine Crawler  
  100  19:31  Spine Crawler  
  93  19:46  Aberration x3  
  93  19:47  Swarmling x6  
  93  19:48  Swarmling x12  
  93  19:49  Swarmling x12  
  99  19:50  Swarmling x3  
  100  20:11  Roach x14  
  100  20:12  Roach x6  
  93  21:12  Swarmling x3  
  93  21:13  Swarmling x9  
  97  21:30  Swarmling x3  
  97  21:31  Swarmling x3  
  99  21:43  Swarmling x3  
  100  21:56  Swarmling x3  
  96  22:16  Swarmling x3  
  96  22:17  Swarmling x9  
  100  22:37  Swarmling x3  
  97  22:45  Swarmling x3  
  97  22:46  Swarmling x12  
  89  23:00  Swarmling x3  
  89  23:01  Swarmling x24  
  87  23:13  Swarmling x6  
  87  23:14  Swarmling x27  
  90  23:25  Spine Crawler  
  90  23:28  Spine Crawler  
  84  23:34  Aberration x4, Roach x4  
  84  23:35  Aberration, Roach x12  
  84  23:36  Roach x4  
  89  24:13  Swarmling x3  
  89  24:14  Swarmling x21  
  98  24:41  Swarmling x3  
Show
View Real Time Build Order
Export as new Build Order

ServiDei Protoss 

Build Orders:  

Get SALT Encoding   

  12  0:03  Probe (Chrono Boost)  
  13  0:16  Probe (Chrono Boost)  
  14  0:27  Probe (Chrono Boost)  
  15  0:38  Probe (Chrono Boost)  
  16  0:49  Probe (Chrono Boost), Gateway  
  18  1:00  Probe (Chrono Boost)  
  18  1:03  Assimilator  
  18  1:11  Assimilator  
  18  1:16  Probe (Chrono Boost)  
  19  1:27  Probe (Chrono Boost)  
  21  1:41  Probe (Chrono Boost)  
  21  1:54  Cybernetics Core  
  21  1:58  Probe (Chrono Boost)  
  23  2:10  Probe (Chrono Boost)  
  23  2:22  Probe (Chrono Boost)  
  24  2:30  Pylon  
  24  2:33  Probe (Chrono Boost)  
  25  2:49  Twilight Council  
  25  2:54  Robotics Facility  
  25  2:55  Probe (Chrono Boost)  
  26  3:26  Singularity Charge  
  26  3:29  Nexus  
  26  3:37  Probe (Chrono Boost)  
  28  3:54  Probe (Chrono Boost)  
  28  4:00  Protoss Ground Weapons Level 1  
  28  4:07  Forge  
  29  4:13  Probe (Chrono Boost)  
  29  4:29  Probe (Chrono Boost), Immortal  
  34  4:31  Trillic Compresion Mesh  
  35  4:51  Probe (Chrono Boost)  
  35  4:57  Probe (Chrono Boost)  
  36  5:07  Probe (Chrono Boost)  
  37  5:18  Dragoon, Probe (Chrono Boost)  
  40  5:24  Dragoon  
  43  5:34  Probe (Chrono Boost)  
  43  5:35  Dragoon  
  45  5:56  Immortal  
  45  5:59  Protoss Ground Weapons Level 2  
  51  6:11  Probe x2 (Chrono Boost)  
  51  6:13  Dragoon  
  55  6:41  Assimilator  
  55  6:44  Assimilator  
  55  6:45  Probe x2 (Chrono Boost)  
  55  6:48  Dragoon  
  57  6:59  Dragoon  
  60  7:02  Probe (Chrono Boost)  
  60  7:09  Probe (Chrono Boost)  
  61  7:12  Gateway  
  59  7:28  Immortal  
  63  7:48  Robotics Facility  
  65  8:06  Probe x2 (Chrono Boost)  
  65  8:11  Pylon  
  65  8:19  Pylon  
  65  8:21  Pylon  
  65  8:23  Protoss Ground Weapons Level 3  
  65  8:38  Robotics Bay, Immortal x2  
  73  8:42  Dragoon x3  
  73  9:16  Immortal x2  
  81  9:31  Improved Barrier  
  81  9:35  Forge  
  81  9:50  Protoss Shields Level 1  
  81  10:09  Photon Cannon  
  81  10:10  Photon Cannon  
  81  10:12  Photon Cannon  
  81  10:13  Photon Cannon  
  81  10:18  Gravitic Boosters  
  81  11:15  Photon Cannon  
  81  11:16  Photon Cannon  
  81  11:19  Photon Cannon  
  81  11:20  Photon Cannon, Immortal x2  
  81  11:21  Photon Cannon  
  89  11:31  Dragoon  
  89  11:34  Dragoon  
  93  11:53  Dragoon x3  
  93  12:30  Immortal x2  
  101  12:54  Dragoon x4  
  101  12:59  Protoss Shields Level 2  
  109  13:14  Protoss Ground Armor Level 1  
  109  13:42  Zealot x4  
  107  14:01  Immortal x3  
  119  14:41  Observer  
  120  14:59  Protoss Shields Level 3  
  114  15:08  Protoss Ground Armor Level 2  
  112  15:37  Immortal  
  112  15:38  Immortal x4  
  124  16:03  Dragoon x5  
  124  16:04  Dragoon  
  135  16:38  Dragoon x2  
  133  16:52  Immortal  
  133  16:53  Immortal  
  131  17:30  Observer  
  132  17:46  Photon Cannon  
  132  17:48  Photon Cannon  
  132  17:50  Photon Cannon  
  132  17:54  Photon Cannon  
  132  17:55  Photon Cannon  
  132  17:58  Photon Cannon  
  132  18:20  Immortal x3  
  144  18:31  Photon Cannon  
  144  18:38  Photon Cannon  
  144  18:58  Protoss Ground Armor Level 3  
  144  19:06  Immortal x2  
  148  19:54  Dragoon x5  
  148  19:55  Dragoon  
  156  20:25  Immortal  
  156  20:26  Immortal  
  162  21:34  Dragoon x6  
  174  22:14  Immortal x5  
  132  23:09  Immortal  
  114  23:12  Immortal  
  114  23:13  Immortal  
  118  23:47  Immortal x2  
  126  23:50  Zealot  
  126  23:51  Zealot x5  
  120  24:28  Immortal  
  124  24:31  Immortal  
Tags
 
Add a new tag
Caveats
  • Supply blocks, unpowered buildings, or Contaminate may cause inaccurate times.
  • Supply counts are checked every 10 seconds.